 Dungeon Crawl Stone Soup version 0.19-a0-823-gd955774 (webtiles) character file.

1174 starlitsmiles the Covered (level 8, -5/68 HPs)
             Began as a Minotaur Fighter on June 29, 2016.
             Was a Believer of Hepliaklqana.
             Slain by an ogre
             ... wielding a +0 giant club
              (24 damage)
             ... on level 5 of the Dungeon.
             The game lasted 00:57:57 (4698 turns).

starlitsmiles the Covered (Minotaur Fighter)        Turns: 4698, Time: 00:57:58

Health: -5/68      AC: 18    Str: 21    XL:     8   Next: 18%
Magic:  7/7        EV:  8    Int:  5    God:    Hepliaklqana [**....]
Gold:   159        SH: 11    Dex: 14    Spells: 0 memorised, 7 levels left

rFire  + . .     SeeInvis .     C - +4 rapier (protect)
rCold  + . .     Gourm    .     p - +1 chain mail {rF+}
rNeg   . . .     Faith    .     b - +0 shield
rPois  .         Spirit   .     (helmet restricted)
rElec  .         Dismiss  .     (no cloak)
rCorr  .         Reflect  .     y - +0 pair of gloves
SustAt .         Harm     .     (no boots)
MR     .....                    (no amulet)
Stlth  ..........               S - +2 ring of dexterity (curse)
                                k - ring of protection from cold

@: not resistant to hostile enchantments, extremely unstealthy
A: retaliatory headbutt, horns 2
a: Ancestor Life: Knight, Ancestor Life: Battlemage, Ancestor Life: Hexer,
Recall Ancestor, Ancestor Identity, Renounce Religion


You were on level 5 of the Dungeon.
You worshipped Hepliaklqana.
Hepliaklqana was pleased with you.
You were not hungry.

You visited 2 branches of the dungeon, and saw 6 of its levels.

You collected 159 gold pieces.

Inventory:

Hand Weapons
 h - a +0 short sword
 n - a +2 mace of venom
 v - a +0 trident
 x - a +0 spear of distortion
 C - a +4 rapier of protection (weapon)
 N - a +1 dagger of speed
 X - a +0 flail
Missiles
 e - 10 poisoned needles
 f - 123 stones (quivered)
 j - 41 arrows
 A - 23 bolts
 M - 3 curare-tipped needles
 Q - 11 sling bullets
Armour
 a - a +0 scale mail
 b - a +0 shield (worn)
 p - a +1 chain mail of fire resistance (worn)
 q - a +0 chain mail
 s - a +0 ring mail
 y - a +0 pair of gloves (worn)
 E - a +0 ring mail
 I - a +0 leather armour
 P - a +0 robe
 R - a +2 robe of magic resistance
 U - a +0 leather armour
Jewellery
 k - a ring of protection from cold (left hand)
 z - an uncursed ring of stealth {unknown}
 S - a cursed +2 ring of dexterity (right hand)
Scrolls
 d - a scroll of magic mapping {unknown}
 i - a scroll of teleportation {unknown}
 l - a scroll of immolation {unknown}
 D - 2 scrolls of remove curse {unknown}
 G - a scroll of enchant weapon {unknown}
 H - 2 scrolls of fear {unknown}
 J - a scroll of blinking {unknown}
 L - 2 scrolls of identify {unknown}
 V - a scroll of recharging {unknown}
Potions
 c - a potion of haste {unknown}
 g - 2 potions of flight {unknown}
 m - a potion of berserk rage {unknown}
 o - 2 potions of ambrosia {unknown}
 r - a potion of resistance {unknown}
 w - a potion of curing {unknown}
 K - a potion of degeneration {unknown}
 O - a potion of mutation {unknown}
Comestibles
 t - 2 royal jellies
 u - a slice of pizza
 B - 5 fruits
 F - a bread ration
 Y - a beef jerky


   Skills:
 + Level 5.3 Fighting
 + Level 2.2 Short Blades
 + Level 2.8 Polearms
 + Level 7.8 Armour
 + Level 3.5 Dodging
 + Level 1.0 Stealth
 + Level 6.8 Shields
 + Level 2.2 Unarmed Combat


You had 7 spell levels left.
You didn't know any spells.

Dungeon Overview and Level Annotations

Branches:
Dungeon (5/15)             Temple (1/1) D:5

Altars:
Ashenzari
Cheibriados
Dithmenos
Elyvilon
Fedhas
Gozag
Hepliaklqana
Kikubaaqudgha
Makhleb
Nemelex Xobeh
Okawaru
Pakellas
Qazlal
Ru
Sif Muna
Trog
Uskayaw
Vehumet
Xom
Zin
The Shining One

Annotations:
D:3 UristMcKoga's ghost, amateur DsSk


Innate Abilities, Weirdness & Mutations

You reflexively headbutt those who attack you in melee.
You have a pair of horns on your head.


Message History

The ogre shouts!
The quokka bites you but does no damage.
The ogre hits you with a giant club! The quokka barely misses you.
You closely miss the quokka. You headbutt the quokka.
The quokka is heavily wounded.
The ogre hits you with a giant club!
The quokka bites you but does no damage.
You hit the quokka.
You kill the quokka!
The ogre hits you but does no damage. The ogre hits you with a giant club!!
* * * LOW HITPOINT WARNING * * *
Eshargamelat barely misses the ogre.
You block the ogre's attack.
Eshargamelat hits the ogre but does no damage.
Found 16 stones.
Eshargamelat hits the ogre but does no damage.
You hit the ogre. You headbutt the ogre!
The ogre is heavily wounded.
The ogre hits you with a giant club!!
You die...

...........######.#############..
......<....# #.# #.#
####.#.....######.# #.#
.....#............# #..
.....####.######### #.. ..##.#
#......# #.. ..##.#########.###
#.. .......# #...(.# #.. .......#
#####@### #.. ##.....# #....O..#
### ##.....#####...R...# #
##.................# #
##.....#####.......# ##.....#
#.......# ####†### #.......#
..[..# #.......# .##### #########


You could see the friendly Eshargamelat the ancestor and an ogre.

Vanquished Creatures
  An orc warrior (D:4)
  A phantom (D:5)
  An ogre (D:5)
  Dowan (D:4)
  A crimson imp (D:5)
  A quasit (D:5)
  3 hounds
  2 orc priests (D:3)
  An iguana (D:5)
  An orc wizard (D:5)
  4 worker ants
  A hound skeleton (D:4)
  3 adders
  An ooze (D:2)
  An adder skeleton (D:5)
  4 worms
  3 giant geckos
  5 orcs
  A ball python (D:2)
  4 bats
  2 giant cockroaches (D:1)
  7 goblins
  3 hobgoblins
  7 jackals
  7 quokkas
  4 giant newts
  9 kobolds
  4 rats
83 creatures vanquished.

Vanquished Creatures (collateral kills)
  Duvessa (D:4)
  A sky beast (D:5)
  2 ogres (D:5)
  A worm (D:4)
  4 orcs
  2 giant newts
11 creatures vanquished.

Vanquished Creatures (others)
  3 ancestors
3 creatures vanquished.

Grand Total: 97 creatures vanquished

Notes
Turn   | Place    | Note
--------------------------------------------------------------
     0 | D:1      | starlitsmiles the Minotaur Fighter began the quest for the Orb.
     0 | D:1      | Reached XP level 1. HP: 19/19 MP: 0/0
   253 | D:1      | Reached skill level 4 in Armour
   290 | D:1      | Reached XP level 2. HP: 24/27 MP: 1/1
   652 | D:1      | Reached XP level 3. HP: 33/33 MP: 2/2
  1136 | D:2      | Found a hazy altar of Hepliaklqana.
  1153 | D:2      | Became a worshipper of Hepliaklqana
  1790 | D:3      | Noticed UristMcKoga's ghost (amateur DsSk)
  1848 | D:3      | Reached XP level 4. HP: 38/40 MP: 3/3
  1903 | D:3      | Reached skill level 5 in Armour
  2283 | D:3      | Found a radiant altar of Vehumet.
  2283 | D:3      | Found a shimmering altar of Xom.
  2434 | D:3      | Reached skill level 1 in Short Blades
  2492 | D:3      | Reached skill level 1 in Polearms
  2499 | D:3      | Reached XP level 5. HP: 43/46 MP: 4/4
  2753 | D:4      | Reached skill level 1 in Dodging
  2753 | D:4      | Reached skill level 5 in Shields
  2791 | D:4      | Reached * piety under Hepliaklqana
  2814 | D:4      | Noticed an orc warrior
  2983 | D:4      | Noticed Duvessa
  2983 | D:4      | Noticed Dowan
  3000 | D:4      | Killed Dowan
  3000 | D:4      | Reached XP level 6. HP: 39/53 MP: 5/5
  3196 | D:4      | Killed an orc warrior
  3196 | D:4      | Reached skill level 6 in Armour
  4070 | D:4      | Killed Duvessa
  4070 | D:4      | Reached XP level 7. HP: 54/60 MP: 6/6
  4118 | D:5      | Entered Level 5 of the Dungeon
  4118 | D:5      | Found a staircase to the Ecumenical Temple.
  4236 | Temple   | Entered the Ecumenical Temple
  4373 | D:5      | Reached skill level 5 in Fighting
  4388 | D:5      | Reached ** piety under Hepliaklqana
  4395 | D:5      | Reached skill level 7 in Armour
  4395 | D:5      | Reached skill level 1 in Stealth
  4427 | D:5      | Reached XP level 8. HP: 41/68 MP: 7/7
  4608 | D:5      | Found a glowing golden altar of the Shining One.
  4608 | D:5      | Found a snail-covered altar of Cheibriados.
  4608 | D:5      | Found a burning altar of Makhleb.
  4608 | D:5      | Found a hide-covered altar of Uskayaw.
  4618 | D:5      | Found an iron altar of Okawaru.
  4628 | D:5      | Found a deep blue altar of Sif Muna.
  4698 | D:5      | Slain by an ogre

Vault maps used:
D:1:      dpeg_arrival_arbitrary_a
D:2:      lemuel_coloured_pillars_altar
D:3:      gammafunk_temple_overflow_wave
D:4:      hangedman_minor_gate_pass, uniq_duvessa
D:5:      minmay_overflow_temple_hex, first_bread
Temple:   minmay_temple_bridge_abc

Skill      XL: |  1  2  3  4  5  6  7  8 |
---------------+-------------------------+-----
Armour         | 4 5 6 7 |  7.8
Shields        | 4 5 6 |  6.8
Fighting       | 4 5 |  5.3
Short Blades   | 1 2 |  2.2
Polearms       | 1 2 |  2.8
Dodging        | 1 2 3 |  3.5
Stealth        | 1 |  1.0
Unarmed Combat | |  2.2

Action                   |  1- 3 |  4- 6 |  7- 9 || total
-------------------------+-------+-------+-------++-------
Melee: Unarmed           |    11 |       |       ||    11
       Dagger            |    10 |       |       ||    10
       Short sword       |    51 |       |       ||    51
       Headbutt          |    15 |    28 |    12 ||    55
       Spear             |    57 |   108 |     2 ||   167
       Rapier            |       |       |    54 ||    54
  Use: Potion            |     2 |       |       ||     2
 Stab: Distracted        |       |       |     1 ||     1
  Eat: Bread ration      |     1 |     1 |       ||     2
       Meat ration       |       |       |     1 ||     1
Armor: Chain mail        |    57 |    35 |    35 ||   127
       Scale mail        |     4 |       |       ||     4
Dodge: Dodged            |    35 |    21 |    18 ||    74
Block: Shield            |    63 |    51 |    34 ||   148
